 Dungeon Crawl Stone Soup version 0.22.1-1-ga44c0e5 (webtiles) character file.

487 MalarOregon the Skirmisher (level 6, -1/85 HPs)
             Began as a Minotaur Berserker on Sept 24, 2018.
             Was a Priest of Trog.
             Killed by divine providence
             ... invoked by an orc priest
              (15 damage)
             ... on level 4 of the Dungeon.
             The game lasted 00:06:15 (3868 turns).

MalarOregon the Skirmisher (Minotaur Berserker)     Turns: 3868, Time: 00:06:15

Health: -1/85      AC: 11    Str: 26    XL:     6   Next: 89%
Magic:  5/5        EV:  8    Int:  4    God:    Trog [***...]
Gold:   146        SH:  0    Dex: 12    Spells: 5/5 levels left

rFire    . . .     SeeInvis +   a - +0 morningstar
rCold    . . .     Gourm    .   (no shield)
rNeg     . . .     Faith    .   b - +0 plate armour
rPois    .         Spirit   .   (helmet restricted)
rElec    .         Reflect  .   (no cloak)
rCorr    .         Harm     .   (no gloves)
MR       ++...                  (no boots)
Stlth    ..........             (no amulet)
HPRegen  1.24/turn              z - ring of see invisible
MPRegen  0.09/turn              m - ring of attention (curse)

@: berserking, regenerating, very quick
A: retaliatory headbutt, horns 2
a: Berserk, Trog's Hand, Renounce Religion


You were on level 4 of the Dungeon.
You worshipped Trog.
Trog was most pleased with you.
You were hungry.

You visited 1 branch of the dungeon, and saw 4 of its levels.
You also visited: Sewer.

You collected 146 gold pieces.

Inventory:

Hand Weapons
 a - a +0 morningstar (weapon)
   (You took it off an orc on level 3 of the Dungeon)
Missiles
 o - 3 tomahawks of dispersal (quivered) {!f}
Armour
 b - a +0 plate armour (worn)
   (You found it on level 1 of the Dungeon)
Jewellery
 m - a cursed ring of attention (right hand)
   (You found it on level 2 of the Dungeon)
 z - a ring of see invisible (left hand)
   (You found it on level 2 of the Dungeon)
Scrolls
 c - a scroll of fear {unknown}
 d - a scroll of magic mapping {unknown}
 h - a scroll of blinking {unknown}
 i - 3 scrolls of teleportation {@r4}
 p - a scroll of identify {@r1}
Potions
 f - 2 potions of haste {@q3}
 g - a potion of agility
 j - a potion of mutation {!q}
 k - 3 potions of curing {@q1}
 l - 2 potions of might
 n - 2 potions of brilliance
Comestibles
 e - 8 rations {!d}


   Skills:
 * Level 5.9 Fighting
 * Level 5.8 Maces & Flails
 + Level 2.6 Throwing
 + Level 3.9 Armour
 + Level 3.6 Dodging


You had 5 spell levels left.
You didn't know any spells.
Your spell library was empty.

Dungeon Overview and Level Annotations

Branches:
Dungeon (4/15)
 Temple: D:4-7

Altars:
Qazlal
Yredelemnul


Innate Abilities, Weirdness & Mutations

You reflexively headbutt those who attack you in melee.
You have a pair of horns on your head.


Message History

The orc closely misses you.
You hit the orc priest.
The orc priest begins to cast a cantrip, but forgets the words!
The orc priest hits you with a flail. The orc closely misses you.
You furiously retaliate!
You headbutt the orc, but do no damage. You barely miss the orc priest.
You headbutt the orc priest.
The orc priest calls down the wrath of Beogh upon you.
Beogh smites you!
* * * LOW HITPOINT WARNING * * *
The orc hits you but does no damage.
The orc priest calls down the wrath of Beogh upon you.
Pain shoots through your body!
* * * LOW HITPOINT WARNING * * *
You closely miss the orc priest. The orc hits you but does no damage.
The orc priest hits you with a flail.
* * * LOW HITPOINT WARNING * * *
The orc barely misses you.
You hit the orc priest but do no damage.
The orc priest hits you but does no damage.
The orc hits you but does no damage.
Unknown command.
Your skin crawls.
You feel resistant to hostile enchantments.
You feel somewhat more hungry. The orc priest hits you with a flail.
* * * LOW HITPOINT WARNING * * *
The orc hits you but does no damage.
A red film seems to cover your vision as you go berserk!
You feel yourself moving faster!
You feel mighty!
You are feeling hungry.
The orc priest hits you with a flail.
* * * LOW HITPOINT WARNING * * *
The orc closely misses you.
Unknown command.
You barely miss the orc priest. You headbutt the orc priest!
The orc priest hits you but does no damage.
You closely miss the orc priest. You headbutt the orc priest.
You feel the power of Trog in you as your rage grows.
You kill the orc priest!
Trog accepts your kill.
Your plate armour prevents you from hitting the orc priest.
The orc hits you but does no damage.
The orc priest looks encouraged for a moment.
The orc priest hits you but does no damage.
You closely miss the orc priest. The orc hits you but does no damage.
You closely miss the orc priest.
The orc priest invokes the aid of Beogh against you.
You resist with almost no effort.
The orc priest calls down the wrath of Beogh upon you.
Beogh smites you!
You die...

#.# ##.#.# #.# #.# #
#..#.# ####.# #+#
#.##.##.# #....#
#.......# #.####
####.#### #.## ##.#.#
##.#))##
####....#######...(..##
+......................
####.o@######........##
##o## ##......## #.
##...### #o ##.# #. #.
#. # #. #.


You could see 2 orc priests and an orc.

Vanquished Creatures
  A phantom (D:3)
  A scorpion (D:4)
  2 orc priests (D:4)
  4 worker ants (D:4)
  2 hound skeletons
  Robin (D:3)
  4 adders
  An adder skeleton (D:4)
  A dart slug (D:2)
  5 leopard geckos
  7 orcs
  7 ball pythons
  4 bats (D:2)
  5 giant cockroaches
  17 goblins
  9 hobgoblins
  10 jackals
  14 kobolds
  8 frilled lizards
  6 rats
  18 plants (Sewer)
127 creatures vanquished.

Vanquished Creatures (others)
  A plant (Sewer)
1 creature vanquished.

Grand Total: 128 creatures vanquished

Notes
Turn   | Place    | Note
-------+----------+-------------------------------------------
     0 | D:1      | MalarOregon the Minotaur Berserker began the quest for the
                  | Orb.
     0 | D:1      | Reached XP level 1. HP: 19/19 MP: 0/0
    68 | D:1      | Reached XP level 2. HP: 24/27 MP: 1/1
  1001 | D:2      | Reached XP level 3. HP: 33/33 MP: 2/2
  1005 | D:2      | Reached skill level 1 in Throwing
  1012 | D:2      | Reached ** piety under Trog
  1439 | D:3      | Noticed a phantom
  1452 | D:3      | Killed a phantom
  1452 | D:3      | Reached XP level 4. HP: 30/41 MP: 3/3
  1452 | D:3      | Reached XP level 5. HP: 34/47 MP: 4/4
  1606 | D:3      | Reached skill level 5 in Fighting
  1663 | D:3      | Reached skill level 5 in Maces & Flails
  1847 | D:3      | Noticed Robin
  1855 | D:3      | Killed Robin
  1874 | D:3      | Reached *** piety under Trog
  2363 | D:4      | Found a glowing drain.
  2367 | Sewer    | Entered a sewer
  3335 | D:4      | Reached XP level 6. HP: 56/56 MP: 5/5
  3670 | D:4      | Found a stormy altar of Qazlal.
  3720 | D:4      | Found a basalt altar of Yredelemnul.
  3868 | D:4      | Killed from afar by an orc priest

Skill      XL: |  1  2  3  4  5 |
---------------+----------------+-----
Fighting       | 4 5 |  5.9
Maces & Flails | 4 5 |  5.8
Throwing       | 1 2 |  2.6
Armour         | 3 |  3.9
Dodging        | 3 |  3.6

Action                   |  1- 3 |  4- 6 || total
-------------------------+-------+-------++-------
Melee: Mace              |    84 |    17 ||   101
       Headbutt          |     7 |    81 ||    88
       Morningstar       |       |   305 ||   305
Invok: Berserk           |     1 |     1 ||     2
       Trog's Hand       |       |     1 ||     1
  Use: Scroll            |     3 |     8 ||    11
  Eat: Chunk             |     2 |    10 ||    12
Armor: Animal skin       |     5 |       ||     5
       Ring mail         |    26 |       ||    26
       Plate armour      |       |   114 ||   114
Dodge: Dodged            |    58 |    74 ||   132
